 Dungeon Crawl Stone Soup version 0.29.1-2-gbd0b4ee654 (webtiles) character file.

Game seed: 11572560939684699380

290 Sabo the Chopper (level 6, -17/57 HPs)
             Began as a Naga Berserker on Nov 4, 2022.
             Was a Believer of Trog.
             Demolished by an ogre
             ... wielding a +0 giant spiked club
              (35 damage)
             ... on level 4 of the Dungeon.
             The game lasted 00:16:42 (4668 turns).

Sabo the Chopper (Naga Berserker)                   Turns: 4668, Time: 00:16:42

Health: -17/57     AC:  7    Str: 21    XL:     6   Next: 32%
Magic:  6/6        EV:  8    Int:  8    God:    Trog [**....]
Gold:   194        SH:  0    Dex: 10    Spells: 5/5 levels left

rFire   + . .      SeeInvis +   l - +4 short sword (elec)
rCold   . . .      Faith    +   (no shield)
rNeg    . . .      Spirit   .   j - +0 scale mail
rPois   +          Reflect  .   (no helmet)
rElec   .          Harm     .   i - +0 cloak
rCorr   .          Rampage  .   m - +0 pair of gloves
Will    .....                   (no barding)
Stlth   ..........              n - amulet of faith
HPRegen 0.19/turn               f - ring of protection from fire
MPRegen 0.10/turn               (no ring)

@: very slow
A: AC +2, large, see invisible, deformed body, poison resistance, slowness 2,
spit poison 1, naga tail 1
a: Spit Poison, Renounce Religion, Berserk, Trog's Hand


You were on level 4 of the Dungeon.
You worshipped Trog.
Trog was pleased with you.
You visited 1 branch of the dungeon, and saw 4 of its levels.

You collected 194 gold pieces.

Inventory:

Hand Weapons
 a - a +0 hand axe
 l - a +4 short sword of electrocution (weapon)
Missiles
 b - 5 javelins (quivered)
 c - 5 boomerangs
 g - 3 datura-tipped darts
Armour
 d - a +0 robe of fire resistance
 i - a +0 cloak (worn)
 j - a +0 scale mail (worn)
 m - a +0 pair of gloves (worn)
Jewellery
 f - a ring of protection from fire (left hand)
 n - an amulet of faith (around neck)
Wands
 q - a wand of quicksilver (9)
Scrolls
 e - a scroll of enchant armour {unknown}
 k - a scroll of teleportation
 r - a scroll of identify {unknown}
 s - a scroll of butterflies {unknown}
Potions
 h - 2 potions of lignification {unknown}
 o - 2 potions of degeneration {unknown}
 p - a potion of mutation {unknown}
 t - a potion of flight {unknown}
 u - a potion of curing {unknown}


   Skills:
 + Level 4.2 Fighting
 + Level 2.1 Short Blades
 + Level 4.2 Axes
 + Level 2.1 Armour
 + Level 2.7 Dodging
 + Level 2.1 Stealth


You had 5 spell levels left.
You didn't know any spells.
Your spell library was empty.

Dungeon Overview and Level Annotations

Branches:
Dungeon (4/15)
 Temple: D:4-7

Altars:


Innate Abilities, Weirdness & Mutations

Your serpentine skin is tough. (AC +2)
You have supernaturally acute eyesight. (SInv)
Armour fits poorly on your strangely shaped body.
Your system is resistant to poisons. (rPois)
You cover ground very slowly.
You can spit poison.
You have a snake-like lower body.


Message History

You barely miss the hobgoblin.
The hobgoblin hits you but does no damage.
You hit the hobgoblin.
Lightning courses through the hobgoblin!
You kill the hobgoblin!
Trog accepts your kill.
You see here a hobgoblin corpse.
You see here a hobgoblin corpse.
You see here a book of Cantrips.
You see here a +0 club.
There is an escape hatch in the floor here.
You can't go up here!
You slide downwards.
The hatch slams shut behind you.
As you read the scroll labelled ALOMMA ASCHUG, it crumbles to dust.
You feel strangely unstable.
It was a scroll of teleportation.
Your surroundings suddenly seem different.
There is a stone staircase leading down, spattered with blood here.
There is a stone staircase leading down, spattered with blood here.
You climb downwards.
There is a stone staircase leading up here.
You open the door.
There is an open door here.
You open the door.
There is an open door here.
An ogre comes into view. It is wielding a +0 giant spiked club.
The ogre shouts!
You hit the ogre but do no damage. You punch the ogre.
The ogre is lightly wounded.
The ogre hits you with a +0 giant spiked club!!
Ouch! That really hurt!
You hit the ogre.
The ogre is lightly wounded.
You hit the ogre.
The ogre is moderately wounded.
The ogre hits you with a +0 giant spiked club!
You barely miss the ogre.
The ogre is moderately wounded.
The ogre hits you with a +0 giant spiked club!!
Ouch! That really hurt!
You die...

#################
#...............#
#...............#
#...............#
#...............#
#....@..........#
###..O###+#####'#
#...##..####..#
.....#.........#
.......#.........#
#.......#.........#
#.......#.........#
#.......########'##
#....##..#


You could see an ogre.

Vanquished Creatures
  A water moccasin (D:3)
  A scorpion (D:2)
  A gnoll (D:1)
  5 adders
  An orc (D:3)
  6 bats
  3 endoplasms
  6 goblins
  7 hobgoblins
  5 jackals
  5 quokkas
  9 ball pythons
  3 frilled lizards
  11 kobolds
  5 rats
69 creatures vanquished.

Notes
Turn   | Place    | Note
-------+----------+-------------------------------------------
     0 | D:1      | Sabo the Naga Berserker began the quest for the Orb.
     0 | D:1      | Reached XP level 1. HP: 21/21 MP: 1/1
   506 | D:1      | Reached XP level 2. HP: 24/28 MP: 2/2
  1792 | D:1      | Reached XP level 3. HP: 34/34 MP: 3/3
  2897 | D:2      | Reached skill level 1 in Stealth
  3056 | D:2      | Reached XP level 4. HP: 16/44 MP: 4/4
  3288 | D:2      | Noticed a scorpion
  3296 | D:2      | Killed a scorpion
  3297 | D:2      | Reached XP level 5. HP: 50/50 MP: 5/5
  3356 | D:2      | Found a faded altar of an unknown god.
  3564 | D:3      | Reached skill level 1 in Short Blades
  3683 | D:3      | Reached ** piety under Trog
  3717 | D:3      | Noticed a water moccasin
  3728 | D:3      | Killed a water moccasin
  3729 | D:3      | Reached XP level 6. HP: 32/57 MP: 6/6
  4668 | D:4      | Demolished by an ogre

Illustrated notes

Levels and vault maps discovered:
D:1:      matt_arrival_grand_opening, layout_loops_corners
D:2:      layout_basic, hellmonk_ecumenical_altar_blasted
D:3:      layout_basic, minmay_randomly_rotated_circles
D:4:      layout_gridville, minmay_bent, uniq_grinder, uniq_robin

Skill      XL: |  1  2  3  4  5  6 |
---------------+-------------------+-----
Stealth        | 1 2 |  2.1
Dodging        | 2 |  2.7
Short Blades   | 1 2 |  2.1
Axes           | 4 |  4.2
Fighting       | 4 |  4.2
Armour         | 2 |  2.1

Action                   |  1- 3 |  4- 6 || total
-------------------------+-------+-------++-------
Melee: Hand axe          |   110 |       ||   110
       Short sword       |    26 |    97 ||   123
       Punch             |     1 |     2 ||     3
Invok: Berserk           |     2 |     2 ||     4
 Abil: Spit Poison       |     1 |       ||     1
  Use: Scroll            |       |     5 ||     5
Armor: Robe              |    28 |     2 ||    30
       Animal skin       |     1 |       ||     1
       Ring mail         |       |    30 ||    30
       Scale mail        |       |    48 ||    48
Dodge: Dodged            |    79 |    60 ||   139
